 Dungeon Crawl Stone Soup version 0.31.0-9-g3a7656b989 (webtiles) character file.

Game seed: 11465760507402124044

89 qw the Shooter (level 4, 0/25 HPs)
             Began as a Deep Elf Hunter on Feb 2, 2024.
             Slain by Terence
             ... wielding a +0 short sword of flaming
              (2 damage)
             ... on level 3 of the Dungeon.
             The game lasted 00:00:06 (1669 turns).

qw the Shooter (Deep Elf Hunter)                    Turns: 1669, Time: 00:00:06

Health: 0/25       AC:  6    Str: 10    XL:     4   Next: 31%
Magic:  6/6        EV: 12    Int: 14    God:
Gold:   63         SH:  0    Dex: 18    Spells: 3/3 levels left

rFire   . . .        a - +0 shortbow
rCold   . . .        (shield currently unavailable)
rNeg    . . .        c - +0 leather armour
rPois   .            e - +0 helmet
rElec   .            (no cloak)
rCorr   .            b - +1 pair of gloves
SInv    .            (no boots)
Will    .....        (no amulet)
Stlth   ++           (no ring)
HPRegen 0.24/turn    (no ring)
MPRegen 0.10/turn

%: no passive effects
@: no status effects
A: no striking features
a: no special abilities


You were on level 3 of the Dungeon.
You visited 1 branch of the dungeon, and saw 3 of its levels.

You collected 63 gold pieces.


   Skills:
 - Level 1.5 Fighting
 + Level 7.7 Ranged Weapons
 - Level 2.4 Dodging
 - Level 1.2 Stealth


You had 3 spell levels left.
You didn't know any spells.
Your spell library was empty.

Inventory:

Hand Weapons
 a - a +0 shortbow (weapon)
Armour
 b - a +1 pair of gloves (worn)
 c - a +0 leather armour (worn)
 e - a +0 helmet (worn)

Dungeon Overview and Level Annotations

Branches:
Dungeon (3/15)

Altars:

Annotations:
D:3 Terence


Message History

Terence hits you but does no damage.
You shoot an arrow. The arrow hits Terence.
Terence is heavily wounded.
Terence hits you with a +0 short sword of flaming.
Terence burns you.
You shoot an arrow. The arrow hits Terence.
Terence is heavily wounded.
Terence hits you with a +0 short sword of flaming.
Terence burns you.
You shoot an arrow. The arrow barely misses Terence.
Terence hits you but does no damage.
You shoot an arrow.
The arrow hits Terence but does no damage.
Terence is heavily wounded.
Terence hits you but does no damage.
You shoot an arrow.
The arrow hits Terence but does no damage.
Terence is heavily wounded.
Terence hits you but does no damage.
You shoot an arrow.
The arrow hits Terence but does no damage.
Terence is heavily wounded.
Terence hits you but does no damage.
You shoot an arrow.
The arrow hits Terence but does no damage.
Terence is heavily wounded.
Terence closely misses you. Terence hits you but does no damage.
You shoot an arrow. The arrow hits Terence.
Terence is severely wounded.
Terence misses you.
You shoot an arrow.
The arrow hits Terence but does no damage.
Terence is severely wounded.
Terence hits you with a +0 short sword of flaming.
Terence burns you.
You shoot an arrow. The arrow closely misses Terence.
Terence hits you with a +0 short sword of flaming.
Terence burns you.
You die...
Terence says, "Rest in peace."

################
...............###
##
#......@...<.....#
#>
#.####@#######%#.#
#. #. #.#.# ###.
#. #.#.## #... #.
#....###.## #.
#........# #.
##...###.## #.
##)####...
#.........


You could see Terence.

Vanquished Creatures
  A gnoll (D:1)
  An adder (D:2)
  2 ribbon worms (D:2)
  A dart slug (D:1)
  2 orcs (D:3)
  12 endoplasms
  4 giant cockroaches
  4 goblins (D:1)
  6 hobgoblins
  2 jackals (D:2)
  3 ball pythons
  5 bats
  4 frilled lizards
  3 kobolds (D:1)
  7 rats
57 creatures vanquished.

Notes
Turn   | Place    | Note
-------+----------+-------------------------------------------
     0 | D:1      | qw the Deep Elf Hunter began the quest for the Orb.
     0 | D:1      | Reached XP level 1. HP: 12/12 MP: 3/3
     0 | D:1      | 0 ||| qw: Version: 0.3-a-155-g5e7d8dd
     0 | D:1      | 0 ||| qw: Game counter: 1439
     0 | D:1      | 0 ||| qw: Melee chars always use a shield: true
     0 | D:1      | 0 ||| qw: God list: Okawaru
     0 | D:1      | 0 ||| qw: Allow faded altars: false
     0 | D:1      | 0 ||| qw: Do Orc after clearing Dungeon:15 true
     0 | D:1      | 0 ||| qw: Do second Lair branch before Depths: true
     0 | D:1      | 0 ||| qw: Lair rune preference: random
     0 | D:1      | 0 ||| qw: Goals: Normal
     0 | D:1      | 0 ||| PLANNING D:1-11
    99 | D:1      | Reached skill level 6 in Ranged Weapons
    99 | D:1      | Reached XP level 2. HP: 16/16 MP: 4/4
   214 | D:1      | Found a faded altar of an unknown god.
   214 | D:1      | Noticed a green death
   277 | D:1      | Reached XP level 3. HP: 20/20 MP: 5/5
   519 | D:1      | Reached skill level 7 in Ranged Weapons
   803 | D:1      | 803 ||| UPGRADING to +0 helmet.
   808 | D:1      | 808 ||| READING 3 scrolls labelled FOT NAWKOKE.
   809 | D:1      | 809 ||| DROPPING scroll of butterflies.
  1021 | D:2      | Reached XP level 4. HP: 25/25 MP: 6/6
  1199 | D:2      | 1199 ||| FLEEEEING.
  1200 | D:2      | 1200 ||| FLEEEEING.
  1201 | D:2      | 1201 ||| FLEEEEING.
  1202 | D:2      | 1202 ||| FLEEEEING.
  1511 | D:2      | 1511 ||| UPGRADING to +1 pair of gloves.
  1516 | D:2      | 1516 ||| READING 2 scrolls of identify.
  1516 | D:2      | 1516 ||| IDENTIFYING sedimented amethyst potion
  1517 | D:2      | 1517 ||| READING scroll of identify.
  1517 | D:2      | 1517 ||| IDENTIFYING scroll labelled BARISTIOXU
  1518 | D:2      | 1518 ||| READING scroll labelled IFFERPH TOIROE.
  1522 | D:2      | 1522 ||| READING 2 scrolls labelled MAAWOK ZEEMUU.
  1523 | D:2      | 1523 ||| DROPPING scroll of amnesia.
  1524 | D:2      | 1524 ||| DROPPING potion of lignification.
  1525 | D:2      | 1525 ||| DROPPING scroll of revelation.
  1649 | D:3      | Noticed Terence
  1668 | D:3      | HP: 6/25 [Terence/+0 short sword of flaming (1)]
  1669 | D:3      | HP: 2/25 [Terence/+0 short sword of flaming (4)]
  1669 | D:3      | Slain by Terence

Levels and vault maps discovered:
D:1:      onia_arrival_mini_spirals, layout_basic,
          dreamdust_ecumenical_altar_sealed_demon,
          chequers_serial_rivers_micro_c
D:2:      layout_loops_ring
D:3:      layout_loops_ring, mainiacjoe_overflow_catwalk, serial_shops,
          nicolae_shop_pleasant_corner_grove, st_stairs_10,
          chequers_serial_rivers_micro_a, uniq_grinder, uniq_crazy_yiuf_cottage,
          uniq_ijyb, uniq_terence

Skill      XL: |  1  2  3 |
---------------+----------+-----
Ranged Weapons | 6 7 |  7.7
Fighting       | |  1.5
Dodging        | |  2.4
Stealth        | |  1.2

Action                     |  1- 3 |  4- 6 || total
---------------------------+-------+-------++-------
   Fire: Shortbow          |   103 |    61 ||   164
    Use: Scroll            |     1 |     4 ||     5
 Armour: Leather armour    |    16 |    26 ||    42
  Dodge: Dodged            |     8 |    50 ||    58

Table legend:
 A = Non-vault XP
 B = Vault XP
 C = Vault XP percentage of total XP
 D = Non-vault monster count
 E = Vault monster count
 F = Vault count percentage of total count
                 A         B        C        D         E       F
            +---------+---------+-------+---------+---------+-------
      Total |     128 |       0 |   0.0 |      57 |       0 |   0.0
            +---------+---------+-------+---------+---------+-------
        D:1 |      70 |       0 |   0.0 |      35 |       0 |   0.0
        D:2 |      44 |       0 |   0.0 |      16 |       0 |   0.0
        D:3 |      14 |       0 |   0.0 |       6 |       0 |   0.0
            +---------+---------+-------+---------+---------+-------
